 Dungeon Crawl Stone Soup version 0.30-a0-696-g2367cd04db (webtiles) character file.

Game seed: 8491147282128543158

304 bmack86 the Chopper (level 6, -8/53 HPs)
             Began as a Minotaur Fighter on Jan 20, 2023.
             Killed by divine providence
             ... invoked by an orc priest
              (10 damage)
             ... on level 4 of the Dungeon.
             The game lasted 00:07:32 (2362 turns).

bmack86 the Chopper (Minotaur Fighter)              Turns: 2362, Time: 00:07:32

Health: -8/53      AC:  9    Str: 23    XL:     6   Next: 15%
Magic:  5/5        EV:  7    Int:  5    God:
Gold:   161        SH:  4    Dex:  9    Spells: 5/5 levels left

rFire   . . .      SeeInvis .    a - +0 war axe
rCold   . . .      Faith    .    c - +0 buckler
rNeg    + . .      Spirit   .    o - +0 chain mail
rPois   .          Reflect  .    (helmet restricted)
rElec   .          Harm     .    (no cloak)
rCorr   .          Rampage  .    (no gloves)
Will    .....                    (no boots) Stlth
                                 g - amulet of magic regeneration
HPRegen 0.28/turn                n - ring of positive energy
MPRegen 0.49/turn                (no ring)

@: no status effects
A: horns 2, retaliatory headbutt
a: no special abilities


You were on level 4 of the Dungeon.
You visited 1 branch of the dungeon, and saw 4 of its levels.

You collected 161 gold pieces.

Inventory:

Hand Weapons
 a - a +0 war axe (weapon)
Missiles
 i - 7 poisoned darts
 q - 3 boomerangs (quivered)
 s - 5 javelins
Armour
 c - a +0 buckler (worn)
 o - a +0 chain mail (worn)
Jewellery
 g - an amulet of magic regeneration (around neck)
 n - a ring of positive energy (left hand)
Potions
 b - a potion of brilliance {unknown}
 d - a potion of might
 e - a potion of attraction {unknown}
 h - a potion of lignification
 j - 2 potions of curing
 m - a potion of cancellation {unknown}


   Skills:
 + Level 4.7 Fighting
 * Level 5.1 Axes
 + Level 1.9 Throwing
 + Level 4.7 Armour
 + Level 4.8 Shields


You had 5 spell levels left.
You didn't know any spells.
Your spell library contained the following spells:

 Spells                   Type           Power      Damage    Failure   Level
 Magic Dart               Conj           0%         1d3       99%         1
 Slow                     Hex            0%         N/A       99%         1
 Searing Ray              Conj           0%         2d4       100%        2
 Confusing Touch          Hex            0%         N/A       100%        3
 Vampiric Draining        Necr           0%         2d6       100%        3
 Fulminant Prism          Conj/Hex       0%         3d5       100%        4


Dungeon Overview and Level Annotations

Branches:
Dungeon (4/15)
 Temple: D:4-7

Altars:

Shops:
D:3 (

Portals:
Abyss: D:3

Annotations:
D:3 2 transporters, sokol815's ghost, amateur OpEE


Innate Abilities, Weirdness & Mutations

You have a pair of horns on your head.
You reflexively headbutt those who attack you in melee.


Message History

You hit the orc. You headbutt the orc.
The orc is severely wounded.
You slash the gnoll! The gnoll hits you but does no damage.
The gnoll hits you from afar with a +0 halberd.
The orc closely misses you.
You barely miss the orc.
The orc is severely wounded.
You hit the gnoll. The orc hits you but does no damage.
You block the gnoll's attack.
The gnoll hits you from afar with a +0 halberd!
The orc hits you but does no damage.
The gnoll hits you from afar with a +0 halberd.
* * * LOW HITPOINT WARNING * * *
The gnoll hits you but does no damage.
You closely miss the orc. Your headbutt misses the orc.
The orc is heavily wounded.
You closely miss the gnoll. The orc hits you but does no damage.
The orc closely misses you. The gnoll closely misses you.
You block the gnoll's attack.
You slash the orc!
You kill the orc!
You hit the gnoll.
You kill the gnoll!
The gnoll barely misses you.
You barely miss the orc. You hit the orc. You block the gnoll's attack.
The orc hits you but does no damage. x2
You barely miss the orc. You slash the orc!
You kill the orc!
You block the gnoll's attack. The orc hits you but does no damage.
The gnoll hits you from afar with a +0 halberd.
* * * LOW HITPOINT WARNING * * *
The orc hits you but does no damage.
You hit the orc but do no damage.
The gnoll hits you from afar with a +0 halberd.
* * * LOW HITPOINT WARNING * * *
The orc hits you with a +3 dagger.
* * * LOW HITPOINT WARNING * * *
The orc priest calls down the wrath of Beogh upon you.
Beogh smites you!
You die...

###......##########.#
##....##### #>##
#........# #.#
#....###.# ## #.#.##
#.#.# #.#.# #.)g#
#@#.# #o#.# #o...
#...## #...# .....
.##.## . .#


You could see an orc priest, a gnoll and an orc.

Vanquished Creatures
  2 ogres
  2 gnolls (D:4)
  3 adders
  A worm (D:4)
  5 dart slugs
  3 orcs (D:4)
  5 endoplasms
  3 giant cockroaches
  10 goblins
  5 hobgoblins
  3 jackals (D:2)
  2 quokkas
  10 ball pythons
  5 bats
  4 frilled lizards
  6 kobolds
  10 rats
79 creatures vanquished.

Notes
Turn   | Place    | Note
-------+----------+-------------------------------------------
     0 | D:1      | bmack86 the Minotaur Fighter began the quest for the Orb.
     0 | D:1      | Reached XP level 1. HP: 19/19 MP: 0/0
   120 | D:1      | Reached XP level 2. HP: 27/27 MP: 1/1
   147 | D:1      | Reached skill level 3 in Axes
   427 | D:1      | Reached XP level 3. HP: 27/33 MP: 2/2
  1227 | D:2      | Found a faded altar of an unknown god.
  1443 | D:2      | Reached XP level 4. HP: 40/40 MP: 3/3
  1516 | D:3      | Found a transporter.
  1523 | D:3      | Found a transporter.
  1525 | D:3      | Noticed a kobold brigand
  1537 | D:3      | Found Yteown's Antique Weapon Shop.
  1647 | D:3      | Found a one-way gate to the infinite horrors of the Abyss.
  1647 | D:3      | Noticed sokol815's ghost (amateur OpEE)
  1650 | D:3      | Noticed a small abomination
  1959 | D:3      | Noticed an ogre
  1966 | D:3      | Killed an ogre
  1967 | D:3      | Reached skill level 4 in Axes
  1967 | D:3      | Reached skill level 1 in Throwing
  1967 | D:3      | Reached XP level 5. HP: 25/47 MP: 4/4
  2250 | D:4      | Noticed an ogre
  2255 | D:4      | Killed an ogre
  2256 | D:4      | Reached XP level 6. HP: 53/53 MP: 5/5
  2302 | D:4      | Reached skill level 5 in Axes
  2362 | D:4      | HP: 2/53 [orc/+3 dagger (2)]
  2362 | D:4      | Killed from afar by an orc priest

Illustrated notes

Levels and vault maps discovered:
D:1:      co_arrival_random_square_maze, layout_loops_ring
D:2:      minmay_spotlight, layout_basic, hellmonk_ecumenical_altar_zigzags
D:3:      layout_loops_cross, gammafunk_ghost_abyssal_escape, serial_shops,
          shop, minmay_shallow_snake_nest
D:4:      layout_loops_ring, nicolae_ossuary_entry_monument, uniq_blork_the_orc,
          uniq_natasha, uniq_robin

Skill      XL: |  1  2  3  4  5  6 |
---------------+-------------------+-----
Axes           | 3 4 5 |  5.1
Shields        | 4 |  4.8
Armour         | 4 |  4.7
Fighting       | 4 |  4.7
Throwing       | 1 |  1.9

Action                   |  1- 3 |  4- 6 || total
-------------------------+-------+-------++-------
Melee: War axe           |    98 |    45 ||   143
       Headbutt          |    14 |     3 ||    17
Throw: Boomerang         |       |     8 ||     8
  Use: Scroll            |       |     7 ||     7
       Potion            |       |     1 ||     1
Armor: Scale mail        |    26 |       ||    26
       Chain mail        |    25 |    35 ||    60
Dodge: Dodged            |    46 |    28 ||    74
Block: Buckler           |    30 |    16 ||    46

Table legend: (Time is in decaauts)
 A = Elapsed time spent in this place.
 B = Non-inter-level travel time spent in this place.
 C = Inter-level travel time spent in this place.
 D = Time resting spent in this place.
 E = Time spent auto-exploring this place.
 F = Levels seen in this place.
 G = Mean time per level.
                   A        B        C        D        E       F      G
               +--------+--------+--------+--------+--------+-----+--------+
         Total |   2415 |   2352 |     63 |    110 |   1275 |   4 |  603.8 |
       Dungeon |   2415 |   2352 |     63 |    110 |   1275 |   4 |  603.8 |
               +--------+--------+--------+--------+--------+-----+--------+

Top non-repeatable levels by time:
     D:1: 999 daAuts
     D:3: 782 daAuts
     D:2: 512 daAuts
     D:4: 120 daAuts
